 Dungeon Crawl Stone Soup version 0.21.1-1-g345015f (webtiles) character file.

1472 tidbits the Sneak (level 8, -2/58 HPs)
             Began as a Gnoll Enchanter on June 12, 2018.
             Impaled on a porcupine's spines (9 damage)
             ... on level 7 of the Dungeon.
             The game lasted 00:20:50 (1982 turns).

tidbits the Sneak (Gnoll Enchanter)                 Turns: 1982, Time: 00:20:51

Health: -2/58      AC:  4    Str:  9 (11) XL:     8   Next: 78%
Magic:  0/17       EV: 15    Int: 18 (20) God:
Gold:   192        SH:  4    Dex: 12 (15) Spells: 10/19 levels left

rFire    . . .     SeeInvis .   a - +2 dagger
rCold    . . .     Gourm    .   D - +0 buckler (curse)
rNeg     . . .     Faith    .   B - +0 robe
rPois    .         Spirit   .   (no helmet)
rElec    .         Reflect  .   (no cloak)
rCorr    +         Harm     .   G - +0 pair of gloves
MR       .....                  F - +0 pair of boots
Stlth    +++.......             f - amulet of magic regeneration (curse)
HPRegen  0.19/turn              K - ring of resist corrosion
MPRegen  0.15/turn              (no ring)

@: hasted, very quick
A: distributed training, fangs 1, strong nose
a: no special abilities


You were on level 7 of the Dungeon.
You were not hungry.

You visited 1 branch of the dungeon, and saw 7 of its levels.
You also visited: Ossuary.

You collected 192 gold pieces.

Inventory:

Hand Weapons
 a - a +2 dagger (weapon)
 b - a +2 trident of pain
   (You took it off an orc on level 4 of the Dungeon)
 n - a +0 hunting sling
 p - a +0 flail
 s - a +0 trident
 v - a +0 flail
 S - a +0 shortbow
 T - a +1 dire flail of draining
   (You took it off Edmund on level 4 of the Dungeon)
Missiles
 h - 108 arrows
 o - 50 sling bullets
 r - 11 stones
 t - 5 tomahawks (quivered)
 x - 47 bolts
 z - 3 needles of sleeping
Armour
 q - a +0 robe
 B - a +0 robe (worn)
 D - a cursed +0 buckler (worn)
 F - a +0 pair of boots (worn)
 G - a +0 pair of gloves (worn)
Jewellery
 f - a cursed amulet of magic regeneration (around neck)
   (You found it on level 6 of the Dungeon)
 K - a ring of resist corrosion (left hand)
   (You found it in an ossuary)
 O - a +2 amulet of reflection
   (You found it in an ossuary)
 Q - an uncursed amulet of faith
   (You found it in an ossuary)
Wands
 C - a wand of polymorph (6)
Scrolls
 l - a scroll of enchant weapon
 u - a scroll of blinking
 w - a scroll of amnesia {unknown}
 y - a scroll of immolation {unknown}
 E - 2 scrolls of teleportation
 H - a scroll of torment {unknown}
 J - a scroll of fear {unknown}
 M - a scroll of random uselessness {unknown}
 R - a scroll of remove curse {unknown}
Potions
 e - 4 potions of degeneration
 g - a potion of haste
 j - a potion of heal wounds {unknown}
 k - a potion of flight {unknown}
 m - 2 potions of resistance
 A - 2 potions of berserk rage {unknown}
 I - a potion of ambrosia {unknown}
 L - 3 potions of curing
 N - a potion of lignification {unknown}
 P - 2 potions of might {unknown}
Books
 d - a book of Maledictions

   Spells                             Type                      Level
   a - Corona                         Hexes                        1
   b - Ensorcelled Hibernation        Hexes/Ice                    2
   c - Confuse                        Hexes                        3
   d - Tukima's Dance                 Hexes                        3
   e - Dazzling Spray                 Conjuration/Hexes            3
Comestibles
 c - 9 rations


   Skills:
 + Level 3.5 Fighting
 + Level 4.4 Short Blades
 + Level 3.5 Long Blades
 + Level 3.5 Axes
 + Level 3.5 Maces & Flails
 + Level 3.5 Polearms
 + Level 3.5 Staves
 + Level 3.5 Slings
 + Level 3.5 Bows
 + Level 3.5 Crossbows
 + Level 3.5 Throwing
 + Level 3.5 Armour
 + Level 5.8 Dodging
 + Level 7.0 Stealth
 + Level 3.5 Shields
 + Level 3.5 Unarmed Combat
 + Level 6.1 Spellcasting
 + Level 2.8 Conjurations
 + Level 6.2 Hexes
 + Level 2.8 Charms
 + Level 2.8 Summonings
 + Level 2.8 Necromancy
 + Level 2.8 Translocations
 + Level 2.8 Transmutations
 + Level 2.8 Fire Magic
 + Level 2.8 Ice Magic
 + Level 2.8 Air Magic
 + Level 2.8 Earth Magic
 + Level 2.8 Poison Magic
 + Level 3.8 Invocations
 + Level 3.5 Evocations


You had 10 spell levels left.
You knew the following spells:

 Your Spells              Type           Power        Failure   Level  Hunger
a - Corona                Hex            ####...      1%          1    None
c - Confuse               Hex            ####....     2%          3    ##.....
d - Dazzling Spray        Conj/Hex       ###...       5%          3    ##.....
e - Ensorcelled Hibernat  Hex/Ice        ###...       2%          2    None


Dungeon Overview and Level Annotations

Branches:
Dungeon (7/15)
 Temple: D:4-7

Altars:
Makhleb
Vehumet

Shops:
D:5 [(%


Innate Abilities, Weirdness & Mutations

Your experience applies equally to all skills.
You have very sharp teeth.
Your uncanny sense of smell can sniff out nearby items.


Message History

Aim: an orc warrior, wielding a flail and wearing a plate armour The spray of energy misses the orc warrior.
The spray of energy hits the orc.
The orc is almost dead.
The orc is dazzled.
The spray of energy hits the jackal.
The jackal is heavily wounded.
The jackal is dazzled.
The jackal barely misses you. The orc warrior closely misses you.
Evoke which item? (* to show all) (? for menu, Esc to quit)
Aiming: Polymorph
Press: ? - help, Shift-Dir - straight line, f/p - orc warrior
Aim: an orc warrior, wielding a flail and wearing a plate armour (chance to defeat MR: 56%)
The orc warrior resists with significant effort.
You block the jackal's attack. The jackal barely misses you.
You block the orc's attack. The jackal bites you.
The orc warrior hits you with a flail.
Evoke which item? (* to show all) (? for menu, Esc to quit)
Aiming: Polymorph
Press: ? - help, Shift-Dir - straight line, f/p - orc warrior
Aim: an orc warrior, wielding a flail and wearing a plate armour (chance to defeat MR: 56%)
The orc warrior evaporates and reforms as a porcupine!
The jackal bites you but does no damage.
You block the jackal's attack. You block the porcupine's attack.
You block the orc's attack.
The jackal bites you but does no damage.
The orc misses you.
Unknown command.
You hit the jackal.
The jackal is almost dead.
The jackal bites you but does no damage.
You hit the porcupine.
The porcupine is lightly wounded.
You block the jackal's attack. The porcupine misses you.
You are struck by the porcupine's spines.
You hit the porcupine but do no damage. Your bite misses the porcupine.
The porcupine is lightly wounded.
The jackal closely misses you. The orc misses you.
The porcupine closely misses you.
The jackal bites you but does no damage.
You hit the porcupine.
The porcupine is lightly wounded.
The orc is no longer blind.
The orc completely misses you. The porcupine closely misses you.
You block the jackal's attack.
You are struck by the porcupine's spines.
You miss the porcupine.
The porcupine is lightly wounded.
The orc closely misses you. The porcupine completely misses you.
The jackal bites you but does no damage.
It was a potion of degeneration.
There was something very wrong with that liquid.
You feel weakened.
You feel dopey.
You feel clumsy.
The jackal is no longer blind.
The jackal barely misses you. The porcupine closely misses you.
The orc closely misses you.
It was a potion of haste.
You feel yourself speed up. The jackal barely misses you.
The porcupine misses you. The orc closely misses you.
It was a potion of curing.
You feel better. The jackal misses you. The porcupine closely misses you.
You hit the porcupine.
The porcupine is moderately wounded.
The jackal closely misses you. The orc closely misses you.
Casting: Dazzling Spray
Confirm with . or Enter, or press ? or * to list all spells.
Aiming: Ensorcelled Hibernation
Press: ? - help, Shift-Dir - straight line, f/p - porcupine
Aim: a porcupine (moderately wounded, chance to defeat MR: 50%)
The porcupine resists with some effort.
You block the porcupine's attack. You block the jackal's attack.
The orc misses you.
You hit the porcupine.
The porcupine is heavily wounded.
The porcupine bites you. The jackal closely misses you.
You hit the porcupine but do no damage.
The porcupine is heavily wounded.
The porcupine bites you. The orc completely misses you.
You hit the porcupine.
The porcupine is heavily wounded.
The jackal bites you but does no damage.
You are struck by the porcupine's spines.
* * * LOW HITPOINT WARNING * * *
You closely miss the porcupine.
The porcupine is heavily wounded.
The jackal bites you.
* * * LOW HITPOINT WARNING * * *
The porcupine bites you!
* * * LOW HITPOINT WARNING * * *
The orc barely misses you.
You hit the porcupine. Your bite misses the porcupine.
The porcupine is almost dead.
The jackal bites you but does no damage.
You block the porcupine's attack.
You miss the porcupine.
The porcupine is almost dead.
The orc closely misses you.
You barely miss the porcupine.
The porcupine is almost dead.
The jackal bites you.
* * * LOW HITPOINT WARNING * * *
The porcupine barely misses you.
You are struck by the porcupine's spines.
You die...

........#
...[....#
........#
........#
∆∆
........#
∆
....^...#
∆∆∆
.......h##
......)oh#
......or@#
###..#####
#. # ∆


You could see a porcupine, 2 orcs and 2 jackals.

Vanquished Creatures
  Grinder (D:4)
  Eustachio (D:4)
  Edmund (D:4)
  An ogre (D:5)
  2 centaurs
  A bullfrog (D:6)
  A crimson imp (D:3)
  2 bullfrog zombies (Ossuary)
  A hound (D:4)
  2 orc priests (D:5)
  2 orc wizards (D:4)
  Ijyb (D:4)
  A bullfrog skeleton (D:6)
  3 worker ants
  10 mummies (Ossuary)
  A worker ant zombie (Ossuary)
  7 adders
  A howler monkey skeleton (D:5)
  3 shadow imps
  An adder zombie (Ossuary)
  An adder skeleton (D:6)
  3 worms
  9 orcs
  A ball python (D:2)
  3 giant cockroaches
  6 goblins
  5 hobgoblins
  4 jackals
  A quokka (D:3)
  4 bats
  3 frilled lizards
  4 kobolds
  A leopard gecko skeleton (D:5)
  A leopard gecko zombie (Ossuary)
  4 rats
93 creatures vanquished.

Vanquished Creatures (others)
  A scorpion (D:6)
  An orc (D:4)
2 creatures vanquished.

Grand Total: 95 creatures vanquished

Notes
Turn   | Place    | Note
-------+----------+-------------------------------------------
     0 | D:1      | tidbits the Gnoll Enchanter began the quest for the Orb.
     0 | D:1      | Reached XP level 1. HP: 13/13 MP: 6/6
    41 | D:1      | Noticed an ogre
    41 | D:1      | Noticed an ogre
    41 | D:1      | Noticed an ogre
    41 | D:1      | Noticed an ogre
    95 | D:1      | Reached XP level 2. HP: 8/19 MP: 4/7
   153 | D:1      | Learned a level 2 spell: Ensorcelled Hibernation
   388 | D:2      | Reached skill level 5 in Spellcasting
   388 | D:2      | Reached XP level 3. HP: 21/25 MP: 7/9
   393 | D:2      | Learned a level 3 spell: Confuse
   397 | D:2      | Learned a level 3 spell: Dazzling Spray
   420 | D:2      | Reached skill level 6 in Stealth
   426 | D:2      | Reached skill level 1 in Invocations
   507 | D:3      | Reached skill level 1 in Fighting
   507 | D:3      | Reached skill level 1 in Long Blades
   507 | D:3      | Reached skill level 1 in Axes
   507 | D:3      | Reached skill level 1 in Maces & Flails
   507 | D:3      | Reached skill level 1 in Polearms
   507 | D:3      | Reached skill level 1 in Staves
   507 | D:3      | Reached skill level 1 in Slings
   507 | D:3      | Reached skill level 1 in Bows
   507 | D:3      | Reached skill level 1 in Crossbows
   507 | D:3      | Reached skill level 1 in Throwing
   507 | D:3      | Reached skill level 1 in Armour
   507 | D:3      | Reached skill level 1 in Shields
   507 | D:3      | Reached skill level 1 in Unarmed Combat
   507 | D:3      | Reached skill level 1 in Evocations
   507 | D:3      | Reached XP level 4. HP: 32/32 MP: 6/11
   584 | D:3      | Found a burning altar of Makhleb.
   588 | D:3      | Reached skill level 1 in Conjurations
   588 | D:3      | Reached skill level 1 in Charms
   588 | D:3      | Reached skill level 1 in Summonings
   588 | D:3      | Reached skill level 1 in Necromancy
   588 | D:3      | Reached skill level 1 in Translocations
   588 | D:3      | Reached skill level 1 in Transmutations
   588 | D:3      | Reached skill level 1 in Fire Magic
   588 | D:3      | Reached skill level 1 in Ice Magic
   588 | D:3      | Reached skill level 1 in Air Magic
   588 | D:3      | Reached skill level 1 in Earth Magic
   588 | D:3      | Reached skill level 1 in Poison Magic
   735 | D:4      | Reached XP level 5. HP: 37/37 MP: 2/12
   806 | D:4      | Noticed Ijyb
   819 | D:4      | Killed Ijyb
   819 | D:4      | Reached skill level 3 in Short Blades
   893 | D:4      | Reached skill level 2 in Invocations
   893 | D:4      | Reached XP level 6. HP: 32/44 MP: 4/13
   936 | D:4      | Noticed Grinder
   949 | D:4      | Noticed Eustachio
   954 | D:4      | Killed Eustachio
   954 | D:4      | Reached skill level 2 in Fighting
   954 | D:4      | Reached skill level 2 in Long Blades
   954 | D:4      | Reached skill level 2 in Axes
   954 | D:4      | Reached skill level 2 in Maces & Flails
   954 | D:4      | Reached skill level 2 in Polearms
   954 | D:4      | Reached skill level 2 in Staves
   954 | D:4      | Reached skill level 2 in Slings
   954 | D:4      | Reached skill level 2 in Bows
   954 | D:4      | Reached skill level 2 in Crossbows
   954 | D:4      | Reached skill level 2 in Throwing
   954 | D:4      | Reached skill level 2 in Armour
   954 | D:4      | Reached skill level 5 in Dodging
   954 | D:4      | Reached skill level 2 in Shields
   954 | D:4      | Reached skill level 2 in Unarmed Combat
   954 | D:4      | Reached skill level 2 in Evocations
   956 | D:4      | Killed Grinder
   956 | D:4      | Reached skill level 2 in Conjurations
   956 | D:4      | Reached skill level 2 in Charms
   956 | D:4      | Reached skill level 2 in Summonings
   956 | D:4      | Reached skill level 2 in Necromancy
   956 | D:4      | Reached skill level 2 in Translocations
   956 | D:4      | Reached skill level 2 in Transmutations
   956 | D:4      | Reached skill level 2 in Fire Magic
   956 | D:4      | Reached skill level 2 in Ice Magic
   956 | D:4      | Reached skill level 2 in Air Magic
   956 | D:4      | Reached skill level 2 in Earth Magic
   956 | D:4      | Reached skill level 2 in Poison Magic
   956 | D:4      | Reached XP level 7. HP: 47/51 MP: 3/15
  1048 | D:5      | Entered Level 5 of the Dungeon
  1078 | D:5      | Found Hasos's Weapon Emporium.
  1137 | D:5      | Found a sand-covered staircase.
  1163 | Ossuary  | Entered an ossuary
  1202 | Ossuary  | Reached skill level 3 in Invocations
  1216 | Ossuary  | Reached XP level 8. HP: 15/57 MP: 2/16
  1227 | Ossuary  | Reached skill level 6 in Hexes
  1338 | Ossuary  | Reached skill level 4 in Short Blades
  1394 | D:5      | Reached skill level 3 in Fighting
  1394 | D:5      | Reached skill level 3 in Long Blades
  1394 | D:5      | Reached skill level 3 in Axes
  1394 | D:5      | Reached skill level 3 in Maces & Flails
  1394 | D:5      | Reached skill level 3 in Polearms
  1394 | D:5      | Reached skill level 3 in Staves
  1394 | D:5      | Reached skill level 3 in Slings
  1394 | D:5      | Reached skill level 3 in Bows
  1394 | D:5      | Reached skill level 3 in Crossbows
  1394 | D:5      | Reached skill level 3 in Throwing
  1394 | D:5      | Reached skill level 3 in Armour
  1394 | D:5      | Reached skill level 3 in Shields
  1394 | D:5      | Reached skill level 3 in Unarmed Combat
  1394 | D:5      | Reached skill level 3 in Evocations
  1491 | D:5      | Found Haullyfe's Food Emporium.
  1567 | D:5      | Reached skill level 6 in Spellcasting
  1588 | D:4      | Noticed Edmund
  1589 | D:4      | Killed Edmund
  1707 | D:6      | Found a radiant altar of Vehumet.
  1711 | D:6      | Reached skill level 7 in Stealth
  1756 | D:5      | Found Ureaf's Armour Emporium.
  1982 | D:7      | Impaled on a porcupine's spines

Skill      XL: |  1  2  3  4  5  6  7  8 |
---------------+-------------------------+-----
Spellcasting   | 5 6 |  6.1
Stealth        | 6 7 |  7.0
Invocations    | 1 2 3 |  3.8
Fighting       | 1 2 3 |  3.5
Long Blades    | 1 2 3 |  3.5
Axes           | 1 2 3 |  3.5
Maces & Flails | 1 2 3 |  3.5
Polearms       | 1 2 3 |  3.5
Staves         | 1 2 3 |  3.5
Slings         | 1 2 3 |  3.5
Bows           | 1 2 3 |  3.5
Crossbows      | 1 2 3 |  3.5
Throwing       | 1 2 3 |  3.5
Armour         | 1 2 3 |  3.5
Shields        | 1 2 3 |  3.5
Unarmed Combat | 1 2 3 |  3.5
Evocations     | 1 2 3 |  3.5
Conjurations   | 1 2 |  2.8
Charms         | 1 2 |  2.8
Summonings     | 1 2 |  2.8
Necromancy     | 1 2 |  2.8
Translocations | 1 2 |  2.8
Transmutations | 1 2 |  2.8
Fire Magic     | 1 2 |  2.8
Ice Magic      | 1 2 |  2.8
Air Magic      | 1 2 |  2.8
Earth Magic    | 1 2 |  2.8
Poison Magic   | 1 2 |  2.8
Short Blades   | 3 4 |  4.4
Dodging        | 5 |  5.8
Hexes          | 6 |  6.2

Action                   |  1- 3 |  4- 6 |  7- 9 || total
-------------------------+-------+-------+-------++-------
Melee: Dagger            |    73 |    58 |    87 ||   218
       Bite              |     5 |     8 |     4 ||    17
       Trident           |       |       |    22 ||    22
Throw: Tomahawk          |       |       |     2 ||     2
 Cast: Corona            |    18 |    12 |       ||    30
       Ensorcelled Hiber |     8 |    21 |    21 ||    50
       Confuse           |       |       |    19 ||    19
       Dazzling Spray    |       |       |     1 ||     1
Evoke: Wand              |       |     2 |     9 ||    11
  Use: Scroll            |       |     1 |     7 ||     8
       Potion            |       |     1 |     3 ||     4
 Stab: Sleeping          |     9 |    16 |    16 ||    41
       Confused          |       |       |     6 ||     6
  Eat: Chunk             |       |       |     4 ||     4
Armor: Robe              |    15 |    16 |    14 ||    45
Dodge: Dodged            |    65 |    60 |    67 ||   192
Block: Buckler           |       |       |    30 ||    30

Table legend:
 A = Turns spent in this place as a percentage of turns spent in the entire game.
 B = Non-inter-level travel turns spent in this place as a percentage of non-inter-level travel turns spent in the entire game.
 C = Inter-level travel turns spent in this place as a percentage of turns spent in this place.
 D = Turns resting spent in this place as a percentage of non-inter-level travel turns spent in this place.
 E = Turns spent auto-exploring this place as a percentage of non-inter-level travel turns spent in this place.
 F = Non-inter-level travel turns spent in this place divided by the number of levels of this place that you've seen.
                   A       B       C       D       E      F
               +-------+-------+-------+-------+-------+----------------------
         Total | 100.0 | 100.0 |   0.8 |   0.0 |   0.0 | 245.9
       Dungeon |  90.2 |  90.1 |   0.8 |   0.0 |   0.0 | 253.3
       Ossuary |   9.8 |   9.9 |   0.0 |   0.0 |   0.0 | 194.0
               +-------+-------+-------+-------+-------+----------------------

Table legend:
 A = Kills in this place as a percentage of kills in entire the game.
 B = Kills by you in this place as a percentage of kills by you in the entire game.
 C = Kills by friends in this place as a percentage of kills by friends in the entire game.
 D = Other kills in this place as a percentage of other kills in the entire game.
 E = Experience gained in this place as a percentage of experience gained in the entire game.
 F = Experience gained in this place divided by the number of levels of this place that you have seen.
                   A       B       C       D       E      F
               +-------+-------+-------+-------+-------+----------------------
         Total | 100.0 | 100.0 |   N/A |   N/A | 100.0 | 263.0
       Dungeon |  83.9 |  83.9 |   N/A |   N/A |  81.4 | 244.7
       Ossuary |  16.1 |  16.1 |   N/A |   N/A |  18.6 | 391.0
               +-------+-------+-------+-------+-------+----------------------

Vault maps used:
D:1:      erik_arrival_cave_to_civilisation
D:2:      nicolae_overflow_crystal_walls, first_ration,
          okawaru_altar_gauntlet_db
D:3:      makhleb_grotto_becter, minmay_misc_feat_five
D:4:      uniq_edmund, uniq_grinder, uniq_ijyb, uniq_eustachio
D:5:      serial_shops, nicolae_shop_statue_plus, shop,
          nicolae_shop_temple_entry_statues_fountains,
          nicolae_ossuary_entry_ruins, minmay_misc_feat_chi
D:6:      lemuel_ice_spiral_2, fiery_altar_vehumet, serial_bayou_pond_b
D:7:      lemuel_crystal_altar, nicolae_dithmenos_shadow_blocks,
          minmay_temple_entry_mist, grunt_ogre_cave
Ossuary:  ossuary_zaba_flooded
